 Dungeon Crawl Stone Soup version 0.28.0-45-g0d030f2227 (webtiles) character file.

Game seed: 7443330595372777276

748 DearestLeader the Shield-Bearer (level 7, 0/60 HPs)
             Began as a Gnoll Fighter on Apr 4, 2022.
             Killed by divine providence
             ... invoked by an orc priest
              (11 damage)
             ... on level 5 of the Dungeon.
             The game lasted 00:04:50 (4723 turns).

DearestLeader the Shield-Bearer (Gnoll Fighter)     Turns: 4723, Time: 00:04:51

Health: 0/60       AC: 13    Str: 17    XL:     7   Next: 77%
Magic:  11/11      EV:  6    Int:  3    God:
Gold:   204        SH:  5    Dex: 11    Spells: 11/11 levels left

rFire   . . .      SeeInvis .   q - +6 mace of Nontar {pain, rC+ rN+ Int-5}
rCold   + . .      Faith    .   c - +0 buckler
rNeg    + . .      Spirit   .   g - +0 plate armour
rPois   .          Reflect  .   (no helmet)
rElec   .          Harm     .   (no cloak)
rCorr   .          Rampage  .   (no gloves)
Will    .....                   (no boots)
Stlth   ..........              (no amulet)
HPRegen 0.20/turn               (no ring)
MPRegen 0.12/turn               (no ring)

@: no status effects
A: fangs 1, strong nose, distributed training
a: no special abilities


You were on level 5 of the Dungeon.
You visited 1 branch of the dungeon, and saw 5 of its levels.

You collected 204 gold pieces.

Inventory:

Hand Weapons
 a - a +0 war axe
 k - a +1 vorpal falchion
 q - the +6 mace of Nontar (weapon) {pain, rC+ rN+ Int-5}
   (You found it on level 4 of the Dungeon)

   In the hands of one skilled in necromantic magic, it inflicts extra damage on
   living creatures.
   Int:       It affects your intelligence (-5).
   rC:        It protects you from cold.
   rN:        It protects you from negative energy.
Missiles
 d - a throwing net (quivered)
Armour
 b - a +0 scale mail
 c - a +0 buckler (worn)
 g - a +0 plate armour (worn)
Wands
 j - a wand of polymorph (2)
Scrolls
 e - 2 scrolls of teleportation {unknown}
 i - 5 scrolls of identify {unknown}
 m - a scroll of fog {unknown}
 n - a scroll of holy word {unknown}
 o - a scroll of blinking {unknown}
 r - a scroll of summoning {unknown}
 s - a scroll of noise {unknown}
Potions
 f - a potion of ambrosia {unknown}
 h - 4 potions of heal wounds {unknown}
 l - 3 potions of curing {unknown}
 p - a potion of haste {unknown}


   Skills:
 + Level 7.1 Fighting
 + Level 2.7 Short Blades
 + Level 2.7 Long Blades
 + Level 5.3 Axes
 + Level 2.7 Maces & Flails
 + Level 2.7 Polearms
 + Level 2.7 Staves
 + Level 2.7 Slings
 + Level 2.7 Bows
 + Level 2.7 Crossbows
 + Level 2.7 Throwing
 + Level 7.1 Armour
 + Level 2.7 Dodging
 + Level 2.7 Stealth
 + Level 7.1 Shields
 + Level 2.7 Unarmed Combat
 + Level 2.7 Spellcasting
 + Level 2.2 Conjurations
 + Level 2.2 Hexes
 + Level 2.2 Summonings
 + Level 2.2 Necromancy
 + Level 2.2 Translocations
 + Level 2.2 Transmutations
 + Level 2.2 Fire Magic
 + Level 2.2 Ice Magic
 + Level 2.2 Air Magic
 + Level 2.2 Earth Magic
 + Level 2.2 Poison Magic
 + Level 3.0 Invocations
 + Level 2.7 Evocations


You had 11 spell levels left.
You didn't know any spells.
Your spell library contained the following spells:

 Spells                   Type           Power      Damage    Failure   Level
 Animate Skeleton         Necr           2%         N/A       100%        1
 Apportation              Tloc           2%         N/A       100%        1
 Summon Small Mammal      Summ           4%         N/A       100%        1
 Ignite Poison            Fire/Tmut/Pois 1%         N/A       100%        3
 Mephitic Cloud           Conj/Pois/Air  1%         N/A       100%        3
 Olgreb's Toxic Radiance  Pois           1%         N/A       100%        4
 Freezing Cloud           Conj/Ice/Air   0%         6-21      100%        5
 Ozocubu's Refrigeration  Ice            0%         4d5       100%        7
 Ignition                 Fire           0%         3d3       100%        8


Dungeon Overview and Level Annotations

Branches:
Dungeon (5/15)
 Temple: D:4-7

Altars:
Ashenzari
Hepliaklqana
Ru


Innate Abilities, Weirdness & Mutations

You have very sharp teeth.
Your uncanny sense of smell can sniff out nearby items.
Your experience applies equally to all skills.


Message History

You kill the orc priest!
HP restored.
Things that are here:
a +0 dagger; a +0 leather armour; an orc corpse An orc warrior comes into view.
It is wielding a +0 dire flail.
The orc warrior shouts!
The orc priest shouts!
You hear a shout!
An orc comes into view. It is wielding a +0 club.
The orc priest looks encouraged for a moment.
Things that are here:
a +0 dagger; a +0 leather armour; an orc corpse The orc warrior hits you with a +0 dire flail.
You hit the orc warrior but do no damage.
The orc warrior hits you with a +0 dire flail!
You hit the orc warrior.
The orc warrior is moderately wounded.
The orc warrior hits you with a +0 dire flail!
The orc warrior hits you with a +0 dire flail.
You closely miss the orc priest.
The orc priest hits you with a +0 hand axe.
The orc warrior hits you but does no damage.
You hit the orc priest. Your bite misses the orc priest.
The orc priest is moderately wounded.
The orc priest invokes the aid of Beogh against you.
Beogh smites you!
The orc warrior hits you with a +0 dire flail!
* * * LOW HITPOINT WARNING * * *
You hit the orc priest.
The orc priest writhes in agony.
You bite the orc priest, but do no damage.
The orc priest is heavily wounded.
The orc priest looks satisfied for a moment.
The orc warrior closely misses you.
The orc priest hits you but does no damage.
You closely miss the orc priest.
The orc priest is heavily wounded.
The orc warrior hits you with a +0 dire flail.
* * * LOW HITPOINT WARNING * * *
The orc priest calls down the wrath of Beogh upon you.
Beogh smites you!
You die...

#...^.<......#
####..........## #
#.......##...##
...######.....######## #.∆
..............#
..########......(.#
............##.#.#
##........####)#.# .
..........# #@#.# #####
..###.....>)####oo.# ##...#
....#.......o...o.## #..#.#
#...(...<..####.# ###.#..#
####........# ##.###...#.##
#...........###......###.#
...##.........#..#.....#..#
#####..............###...##
...........).............#


You could see an orc warrior, an orc priest and an orc.

Vanquished Creatures
  A kobold demonologist (D:5)
  An ogre (D:4)
  A bullfrog zombie (D:5)
  3 hounds
  An orc priest (D:5)
  An orc wizard (D:3)
  An iguana (D:5)
  A hound zombie (D:5)
  A howler monkey zombie (D:3)
  A gnoll (D:2)
  6 adders
  4 worms
  2 dart slugs
  8 orcs
  3 ball pythons
  7 bats
  11 endoplasms
  3 giant cockroaches
  6 goblins
  5 hobgoblins
  8 jackals
  11 kobolds
  5 quokkas
  3 frilled lizards
  10 rats
104 creatures vanquished.

Notes
Turn   | Place    | Note
-------+----------+-------------------------------------------
     0 | D:1      | DearestLeader the Gnoll Fighter began the quest for the
                  | Orb.
     0 | D:1      | Reached XP level 1. HP: 23/23 MP: 1/1
    58 | D:1      | Reached XP level 2. HP: 29/29 MP: 2/2
   150 | D:1      | Found a faded altar of an unknown god.
   635 | D:1      | Reached XP level 3. HP: 35/35 MP: 3/3
  1190 | D:2      | Reached skill level 1 in Invocations
  1208 | D:2      | Reached skill level 1 in Short Blades
  1208 | D:2      | Reached skill level 1 in Long Blades
  1208 | D:2      | Reached skill level 1 in Maces & Flails
  1208 | D:2      | Reached skill level 1 in Polearms
  1208 | D:2      | Reached skill level 1 in Staves
  1208 | D:2      | Reached skill level 1 in Slings
  1208 | D:2      | Reached skill level 1 in Bows
  1208 | D:2      | Reached skill level 1 in Crossbows
  1208 | D:2      | Reached skill level 1 in Throwing
  1208 | D:2      | Reached skill level 1 in Dodging
  1208 | D:2      | Reached skill level 1 in Stealth
  1208 | D:2      | Reached skill level 1 in Unarmed Combat
  1208 | D:2      | Reached skill level 1 in Spellcasting
  1208 | D:2      | Reached skill level 1 in Evocations
  1220 | D:2      | Reached XP level 4. HP: 33/41 MP: 5/5
  2246 | D:2      | Reached skill level 1 in Conjurations
  2246 | D:2      | Reached skill level 1 in Hexes
  2246 | D:2      | Reached skill level 1 in Summonings
  2246 | D:2      | Reached skill level 1 in Necromancy
  2246 | D:2      | Reached skill level 1 in Translocations
  2246 | D:2      | Reached skill level 1 in Transmutations
  2246 | D:2      | Reached skill level 1 in Fire Magic
  2246 | D:2      | Reached skill level 1 in Ice Magic
  2246 | D:2      | Reached skill level 1 in Air Magic
  2246 | D:2      | Reached skill level 1 in Earth Magic
  2246 | D:2      | Reached skill level 1 in Poison Magic
  2385 | D:3      | Found a hazy altar of Hepliaklqana.
  2410 | D:3      | Reached XP level 5. HP: 23/47 MP: 5/7
  2414 | D:3      | Found a sacrificial altar of Ru.
  3336 | D:4      | Identified the +6 mace of Nontar {pain, rC+ rN+ Int-5}
  3370 | D:4      | Noticed an ogre
  3375 | D:4      | Killed an ogre
  3376 | D:4      | Reached XP level 6. HP: 42/53 MP: 8/8
  3478 | D:4      | Reached skill level 5 in Axes
  4015 | D:4      | Found a broken altar of Ashenzari.
  4175 | D:5      | Entered Level 5 of the Dungeon
  4273 | D:5      | Noticed a kobold demonologist
  4276 | D:5      | Noticed a chaos spawn
  4284 | D:5      | Killed a kobold demonologist
  4285 | D:5      | Reached XP level 7. HP: 20/60 MP: 4/10
  4723 | D:5      | Killed from afar by an orc priest

Illustrated notes

Levels and vault maps discovered:
D:1:      lightli_arrival_lavapool, layout_basic,
          hellmonk_ecumenical_altar_blasted, minmay_misc_feat_ornament,
          amethyst_killhole
D:2:      kb_forest_paths, layout_basic
D:3:      layout_loops_ring, grunt_temple_overflow_open, glass_columns_c,
          moated_statue
D:4:      layout_loops_ring, ashenzari_altar_1, wad_floor_pattern_untrapped,
          corexii_checkpoint_a
D:5:      layout_rooms, minmay_temple_entry_large_hall,
          ebering_ghost_reflecting_pool

Skill      XL: |  1  2  3  4  5  6  7 |
---------------+----------------------+-----
Invocations    | 1 2 3 |  3.0
Short Blades   | 1 2 |  2.7
Long Blades    | 1 2 |  2.7
Maces & Flails | 1 2 |  2.7
Polearms       | 1 2 |  2.7
Staves         | 1 2 |  2.7
Slings         | 1 2 |  2.7
Bows           | 1 2 |  2.7
Crossbows      | 1 2 |  2.7
Throwing       | 1 2 |  2.7
Dodging        | 1 2 |  2.7
Stealth        | 1 2 |  2.7
Unarmed Combat | 1 2 |  2.7
Spellcasting   | 1 2 |  2.7
Evocations     | 1 2 |  2.7
Conjurations   | 1 2 |  2.2
Hexes          | 1 2 |  2.2
Summonings     | 1 2 |  2.2
Necromancy     | 1 2 |  2.2
Translocations | 1 2 |  2.2
Transmutations | 1 2 |  2.2
Fire Magic     | 1 2 |  2.2
Ice Magic      | 1 2 |  2.2
Air Magic      | 1 2 |  2.2
Earth Magic    | 1 2 |  2.2
Poison Magic   | 1 2 |  2.2
Axes           | 5 |  5.3
Fighting       | 7 |  7.1
Armour         | 7 |  7.1
Shields        | 7 |  7.1

Action                   |  1- 3 |  4- 6 |  7- 9 || total
-------------------------+-------+-------+-------++-------
Melee: War axe           |   100 |    13 |       ||   113
       Bite              |    10 |    19 |     1 ||    30
       Falchion          |       |   114 |       ||   114
       Mace              |       |    65 |    19 ||    84
  Use: Potion            |       |     1 |       ||     1
Armor: Scale mail        |    16 |       |       ||    16
       Plate armour      |    47 |   153 |    10 ||   210
Dodge: Dodged            |    27 |    53 |     3 ||    83
Block: Buckler           |    33 |    44 |     3 ||    80
